 Dungeon Crawl Stone Soup version 0.14-a0-1837-g7fb8695 (webtiles) character file.

187 M4edhros the Vexing (level 4, -5/25 HPs)
             Began as an Octopode Arcane Marksman on Jan 10, 2014.
             Slain by Sigmund
             ... wielding a +0,+0 scythe
              (8 damage)
             ... on Level 3 of the Dungeon.
             The game lasted 00:03:27 (2064 turns).

M4edhros the Vexing (Octopode Arcane Marksman)      Turns: 2064, Time: 00:03:27

HP  -5/25        AC  1     Str 10      XL: 4   Next: 75%
MP   8/8         EV 12     Int 16      God:
Gold 86          SH  0     Dex 11      Spells:  1 memorised,  6 levels left

rFire  . . .     SeeInvis .     (no weapon)
rCold  . . .     Clarity  .     (no shield)
rNeg   . . .     Conserve .     (helmet restricted)
rPois  .         rCorr    .     (no amulet)
rElec  .         rRot     .     (no ring)
SustAb . .       Spirit   .     (no ring)
rMut   .         Warding  .     (no ring)
Saprov . . .     Stasis   .     (no ring)
                                (no ring)
                                (no ring)
                                (no ring)
                                (no ring)

@: slightly resistant to hostile enchantments, fairly stealthy
A: almost no armour, amphibious, 8 rings, constrict 8, camouflage 1, frail 1,
mutation resistance 1, gelatinous body 1
a: no special abilities


You were on level 3 of the Dungeon.
You were not hungry.

You visited 1 branch of the dungeon, and saw 3 of its levels.

You collected 86 gold pieces.

Inventory:

Hand weapons
 b - a +0,+0 sling
Missiles
 l - 11 stones (quivered)
Comestibles
 f - a bread ration
 g - a choko
Scrolls
 e - a scroll of curse armour {unknown}
 h - a scroll of identify
 i - a scroll of fog
Books
 d - a book of Debilitation

   Spells                             Type                      Level
   *Corona                            Hexes                        1
   Slow                               Hexes                        2
   Inner Flame                        Hexes/Fire                   3
   Enslavement                        Hexes                        4
   Cause Fear                         Hexes                        4
   Leda's Liquefaction                Hexes/Earth                  4


   Skills:
 - Level 1.0 Fighting
 + Level 3.0 Slings
 + Level 2.7 Dodging
 * Level 2.3 Spellcasting
 + Level 3.5 Hexes


You had 6 spell levels left.
You knew the following spells:

 Your Spells              Type           Power        Failure   Level  Hunger
a - Corona                Hex            ##.....      6%          1    #......


Dungeon Overview and Level Annotations

Branches:
Dungeon (3/16)

Altars:
Xom
Yredelemnul

Annotations:
D:2 Crazy Yiuf
D:3 Sigmund


Innate Abilities, Weirdness & Mutations

You cannot wear most types of armour.
You are amphibious.
You can wear up to eight rings at the same time.
You can use your tentacles to constrict many enemies at once.
Your skin changes colour to match your surroundings (Stlth).
Your rubbery body absorbs attacks (AC +1).
You are frail (-10% HP).
You are somewhat resistant to further mutation.


Message History

Wield which item (- for none, * to show all)? (? for menu, Esc to quit)
Okay, then.
You are now empty-tentacled.
You strike the helpless Sigmund from a blind spot!
You hit Sigmund but do no damage. You grab Sigmund. You squeeze Sigmund.
Sigmund is lightly wounded.
You constrict Sigmund. Sigmund hits you with a scythe.
You hit Sigmund.
Sigmund is moderately wounded.
You constrict Sigmund. Sigmund hits you with a scythe!
Ouch! That really hurt!
* * * LOW HITPOINT WARNING * * *
You hit Sigmund but do no damage.
Sigmund is moderately wounded.
You constrict Sigmund. You barely miss Sigmund. Your squeeze misses Sigmund.
Sigmund is moderately wounded.
You constrict Sigmund, but do no damage.
Sigmund hits you with a scythe!
You die...

.?.............. #.........#
#.# . #..(....####.# #.#
#...........#
#.###....#####..#
#....$#..(..##..#
#.###...###.#...###########
#.# ##.## #...#...........#
#.# ##.## ###.@%.########.#
###.###...#######@.# #.#
...................# #.#
###.###...###......# #.#
#.....#.####.#############.#
#.###.#.................##.#
#.# #.######.##########.##.#
#.# #.# #.# #.##.# ##.###.#
#.# #.##.#


You could see Sigmund.

Vanquished Creatures
  6 adders (D:2)
  2 giant geckos
  2 oozes
  5 bats
  6 goblins
  4 hobgoblins
  3 jackals (D:1)
  6 kobolds
  A giant cockroach (D:2)
  A giant newt (D:3)
  5 rats
41 creatures vanquished.

Notes
Turn   | Place    | Note
--------------------------------------------------------------
     0 | D:1      | M4edhros, the Octopode Arcane Marksman, began the quest for the Orb.
     0 | D:1      | Reached XP level 1. HP: 13/13 MP: 2/2
    53 | D:1      | Reached XP level 2. HP: 13/18 MP: 3/3
   310 | D:2      | Reached XP level 3. HP: 12/23 MP: 5/5
   774 | D:3      | Reached XP level 4. HP: 28/28 MP: 7/7
   775 | D:3      | Noticed Sigmund
  1245 | D:2      | Found a basalt altar of Yredelemnul.
  1268 | D:2      | Found a shimmering altar of Xom.
  1269 | D:2      | Found a shimmering altar of Xom.
  1629 | D:2      | Gained mutation: You are frail (-10% HP). [potion of mutation]
  1629 | D:2      | Gained mutation: You are somewhat resistant to further mutation. [potion of mutation]
  1826 | D:2      | Found a shimmering altar of Xom.
  1938 | D:2      | Noticed Crazy Yiuf
  2064 | D:3      | Slain by Sigmund

Action                   |  1- 3 |  4- 6 || total
-------------------------+-------+-------++-------
Melee: Unarmed           |       |    35 ||    35
 Fire: Sling             |    80 |    20 ||   100
  Use: Potion            |     3 |     4 ||     7
       Scroll            |       |     6 ||     6
 Stab: Distracted        |       |     1 ||     1
